 Dungeon Crawl Stone Soup version 0.29-a0-317-gd16b76e6b1 (webtiles) character file.

Game seed: 7076890804763158168

186 GordonOverkill the Shooter (level 5, -3/32 HPs)
             Began as a Deep Elf Hunter on Apr 1, 2022.
             Slain by a phantom (6 damage)
             ... on level 3 of the Dungeon.
             The game lasted 00:06:16 (4292 turns).

GordonOverkill the Shooter (Deep Elf Hunter)        Turns: 4292, Time: 00:06:17

Health: -3/32      AC:  8    Str: 10    XL:     5   Next: 38%
Magic:  7/7        EV: 11    Int: 14    God:
Gold:   102        SH:  0    Dex: 18    Spells: 4/4 levels left

rFire   + . .      SeeInvis .   a - +1 shortbow
rCold   . . .      Faith    .   (shield currently unavailable)
rNeg    . . .      Spirit   .   m - +1 ring mail {rF+}
rPois   .          Reflect  .   (no helmet)
rElec   .          Harm     .   (no cloak)
rCorr   .          Rampage  .   (no gloves)
Will    .....                   l - +1 pair of boots
Stlth   +.........              (no amulet)
HPRegen 0.10/turn               j - ring of flight
MPRegen 0.10/turn               (no ring)

@: flying
A: no striking features
a: no special abilities


You were on level 3 of the Dungeon.
You visited 1 branch of the dungeon, and saw 4 of its levels.

You collected 102 gold pieces.

Inventory:

Hand Weapons
 a - a +1 shortbow (weapon)
 i - the +1 rapier of Ylluh {flame, Will+}
   (You found it on level 2 of the Dungeon)

   It burns those it strikes, dealing additional fire damage.
   Will:      It increases your willpower.
Armour
 l - a +1 pair of boots (worn)
 m - a +1 ring mail of fire resistance (worn)
Jewellery
 j - a ring of flight (left hand)
 n - a +4 ring of protection
Scrolls
 c - a scroll of immolation
 e - 2 scrolls of holy word
Potions
 g - a potion of attraction
 k - a potion of flight


   Skills:
 + Level 2.9 Fighting
 * Level 7.9 Bows
 - Level 2.4 Dodging
 - Level 1.2 Stealth


You had 4 spell levels left.
You didn't know any spells.
Your spell library contained the following spells:

 Spells                   Type           Power      Damage    Failure   Level
 Stone Arrow              Conj/Erth      0%         3d7       92%         3
 Animate Armour           Summ/Erth      0%         N/A       100%        4
 Lehudib's Crystal Spear  Conj/Erth      0%         10d2      100%        8


Dungeon Overview and Level Annotations

Branches:
Dungeon (4/15)
 Temple: D:4-7

Altars:

Annotations:
D:4 2 transporters


Message History

The phantom attacks as you move away!
The phantom hits you but does no damage.
The phantom attacks as you move away! The phantom barely misses you.
The phantom attacks as you move away!
The phantom hits you but does no damage.
The phantom attacks as you move away! The phantom closely misses you.
The phantom attacks as you move away!
The phantom hits you but does no damage.
The phantom attacks as you move away! The phantom misses you.
The phantom attacks as you move away! The phantom hits you.
* * * LOW HITPOINT WARNING * * *
The phantom attacks as you move away!
The phantom hits you but does no damage.
The phantom attacks as you move away! The phantom barely misses you.
The phantom attacks as you move away! The phantom hits you.
* * * LOW HITPOINT WARNING * * *
The phantom attacks as you move away!
The phantom hits you but does no damage.
The phantom attacks as you move away! The phantom hits you.
* * * LOW HITPOINT WARNING * * *
The phantom attacks as you move away! The phantom hits you.
* * * LOW HITPOINT WARNING * * *
The phantom attacks as you move away!
The phantom hits you but does no damage.
The phantom attacks as you move away!
The phantom hits you but does no damage.
The phantom attacks as you move away! The phantom hits you.
* * * LOW HITPOINT WARNING * * *
The phantom attacks as you move away!
The phantom hits you but does no damage.
The phantom attacks as you move away! The phantom barely misses you.
The phantom attacks as you move away! The phantom barely misses you.
The phantom attacks as you move away! The phantom closely misses you.
There is an open door here.
The phantom attacks as you move away! The phantom hits you.
* * * LOW HITPOINT WARNING * * *
The phantom attacks as you move away!
The phantom hits you but does no damage.
The phantom attacks as you move away! The phantom hits you.
You die...

#.#
#.##.......รท..........#.....
#.#
#.###.#####...........#.....
#.# #.#...#
###'##......#..... #.#
#.#.#########.##......#.....
#.#
#.#...........##......#####'
#.#
#.#.########..########......
#.# #..........#......#
#...... #.#
#........#W#.####.# #......
#.####........+.@......#
#......
#....'........#.#.######
#......
######........#.#....#
######. #........#...#..#
####. ####'#######.#..######
#.... #.#######.........#
#.... #............<....#
#.... ###########........#
#.... #..................#
#....


You could see a phantom.

Vanquished Creatures
  An orc priest (D:2)
  An orc wizard (D:3)
  4 adders
  A gnoll (D:1)
  A worm (D:3)
  4 dart slugs
  3 orcs
  6 endoplasms
  2 giant cockroaches
  5 hobgoblins
  8 jackals
  4 quokkas
  6 ball pythons
  5 bats
  5 frilled lizards
  7 goblins
  4 kobolds
  5 rats
72 creatures vanquished.

Notes
Turn   | Place    | Note
-------+----------+-------------------------------------------
     0 | D:1      | GordonOverkill the Deep Elf Hunter began the quest for the
                  | Orb.
     0 | D:1      | Reached XP level 1. HP: 12/12 MP: 3/3
    65 | D:1      | Reached XP level 2. HP: 4/17 MP: 4/4
   569 | D:1      | Reached skill level 6 in Bows
   770 | D:1      | Reached XP level 3. HP: 21/21 MP: 5/5
  1766 | D:2      | Reached XP level 4. HP: 27/27 MP: 6/6
  2065 | D:2      | Identified the +1 rapier of Ylluh {flame, Will+}
  2354 | D:3      | Reached skill level 7 in Bows
  2800 | D:3      | Reached XP level 5. HP: 21/31 MP: 7/7
  3988 | D:4      | Found a transporter.
  3992 | D:4      | Found a transporter.
  4115 | D:4      | Noticed a phantom
  4292 | D:3      | Slain by a phantom

Illustrated notes

Levels and vault maps discovered:
D:1:      lemuel_arrival_rhombus, layout_basic, minmay_misc_feat_diagonals,
          minmay_misc_feat_tiny, minmay_misc_feat_columns
D:2:      layout_basic
D:3:      layout_basic
D:4:      gammafunk_wand_slinger, layout_basic,
          mainiacjoe_overflow_cross_hatched, serial_glass, glass_columns_a,
          glass_columns_a, feat_on_display, due_unseen_surprise,
          feat_on_display, feat_on_display, grunt_ministairs_1

Skill      XL: |  1  2  3  4 |
---------------+-------------+-----
Fighting       | 2 |  2.9
Bows           | 6 7 |  7.9
Dodging        | |  2.4
Stealth        | |  1.2

Action                   |  1- 3 |  4- 6 || total
-------------------------+-------+-------++-------
 Fire: Shortbow          |   117 |   109 ||   226
  Use: Potion            |     2 |     6 ||     8
       Scroll            |     2 |     1 ||     3
Armor: Leather armour    |    12 |       ||    12
       Ring mail         |    16 |    40 ||    56
Dodge: Dodged            |    46 |    44 ||    90

Table legend: (Time is in decaauts)
 A = Elapsed time spent in this place.
 B = Non-inter-level travel time spent in this place.
 C = Inter-level travel time spent in this place.
 D = Time resting spent in this place.
 E = Time spent auto-exploring this place.
 F = Levels seen in this place.
 G = Mean time per level.
                   A        B        C        D        E       F      G
               +--------+--------+--------+--------+--------+-----+--------+
         Total |   4347 |   3948 |    399 |    897 |   2273 |   4 | 1086.8 |
       Dungeon |   4347 |   3948 |    399 |    897 |   2273 |   4 | 1086.8 |
               +--------+--------+--------+--------+--------+-----+--------+

Top non-repeatable levels by time:
     D:3: 1438 daAuts
     D:2: 1401 daAuts
     D:1: 1328 daAuts
     D:4: 178 daAuts
